 Dungeon Crawl Stone Soup version 0.23-a0-183-gf37f6fb (webtiles) character file.

74 galech the Skirmisher (level 4, 0/35 HPs)
             Began as a Demonspawn Fighter on Sept 21, 2018.
             Slain by a kobold
             ... wielding a +1 dagger of distortion
              (4 damage)
             ... on level 2 of the Dungeon.
             The game lasted 00:02:50 (1679 turns).

galech the Skirmisher (Demonspawn Fighter)          Turns: 1679, Time: 00:02:51

Health: 0/35       AC: 15    Str: 16    XL:     4   Next: 10%
Magic:  4/4        EV:  4    Int: 10    God:
Gold:   160        SH:  9    Dex: 13    Spells: 3/3 levels left

rFire    . . .     SeeInvis .   a - +0 war axe
rCold    . . .     Gourm    .   c - +0 shield
rNeg     . . .     Faith    .   m - +0 chain mail
rPois    .         Spirit   .   (no helmet)
rElec    .         Reflect  .   (no cloak)
rCorr    .         Harm     .   (no gloves)
MR       .....                  (no boots)
Stlth    ..........             (no amulet)
HPRegen  0.11/turn              (no ring)
MPRegen  0.09/turn              (no ring)

@: about to teleport, sanguine armour
A: powered by pain 2, sanguine armour 1
a: no special abilities


You were on level 2 of the Dungeon.
You were not hungry.

You visited 1 branch of the dungeon, and saw 3 of its levels.

You collected 160 gold pieces.

Inventory:

Hand Weapons
 a - a +0 war axe (weapon)
Armour
 c - a +0 shield (worn)
 m - a +0 chain mail (worn)
Scrolls
 e - 2 scrolls of teleportation
 j - 2 scrolls of remove curse
 l - a scroll of identify
Potions
 b - 2 potions of mutation {unknown}
 d - 3 potions of might
 h - a potion of brilliance {unknown}
 i - a potion of magic
 k - a potion of ambrosia
Comestibles
 f - 4 rations
 g - 6 chunks of flesh


   Skills:
 + Level 3.3 Fighting
 + Level 3.0 Axes
 + Level 3.0 Armour
 + Level 0.3 Dodging
 + Level 3.1 Shields


You had 3 spell levels left.
You didn't know any spells.
Your spell library was empty.

Dungeon Overview and Level Annotations

Branches:
Dungeon (3/15)

Altars:
Xom
Zin


Innate Abilities, Weirdness & Mutations

You sometimes gain power by taking damage.
When seriously injured, your bleeding wounds create armour. (AC +6)


Message History

You butcher the rat corpse.
g - 3 chunks of flesh (gained 2);
g - 6 chunks of flesh (gained 3)
g - 7 chunks of flesh (gained 1)
There is a stone staircase leading up here.
f - 4 rations (gained 1)
You start resting.
Eating one of 7 chunks of flesh.
You eat one of the 7 chunks of flesh.
This raw flesh tastes terrible.
An ogre comes into view. It is wielding a giant spiked club.
The ogre shouts!
There is a stone staircase leading up here.
You climb upwards.
The kobold hits you but does no damage.
You feel strangely unstable.
There is a stone staircase leading down here.
Your shield prevents you from hitting the kobold.
The kobold barely misses you. The kobold hits you but does no damage.
Space warps horribly around you!
* * * LOW HITPOINT WARNING * * *
You barely miss the kobold. The kobold hits you but does no damage.
Space bends around you.
You die...

.........# ########.#
#.####### #.##..K..
###+## #.##.#### #....#
#.##..... #....#
##.......#
####.K..######...####..
#.....@........#.##....
#..........###.#....##.
#..........# #.##..[##.
#...)......# #.##....#.
#..........# #....##.#.
#...?......# ##.####...
#..........# ##...(....
#..>..............'.(..
.########..(.


You could see a kobold.

Vanquished Creatures
  An adder (D:3)
  2 oozes
  A worm (D:2)
  2 dart slugs (D:1)
  A leopard gecko (D:1)
  6 bats
  2 giant cockroaches (D:1)
  8 goblins
  6 hobgoblins
  6 jackals
  3 frilled lizards
  6 kobolds
  4 rats
48 creatures vanquished.

Notes
Turn   | Place    | Note
-------+----------+-------------------------------------------
     0 | D:1      | galech the Demonspawn Fighter began the quest for the Orb.
     0 | D:1      | Reached XP level 1. HP: 18/18 MP: 1/1
    83 | D:1      | Gained mutation: You sometimes gain a little power by
                  | taking damage. [demonic ancestry]
    83 | D:1      | Reached XP level 2. HP: 20/24 MP: 2/2
   675 | D:1      | Gained mutation: You sometimes gain power by taking damage.
                  | [demonic ancestry]
   675 | D:1      | Reached XP level 3. HP: 29/29 MP: 3/3
  1166 | D:2      | Noticed an angel
  1167 | D:2      | Found a shimmering altar of Xom.
  1167 | D:2      | Found a glowing silver altar of Zin.
  1636 | D:3      | Gained mutation: When seriously injured, your bleeding
                  | wounds create armour. (AC +6) [demonic ancestry]
  1636 | D:3      | Reached XP level 4. HP: 13/35 MP: 4/4
  1674 | D:3      | Noticed an ogre
  1679 | D:2      | Slain by a kobold

Vault maps used:
D:1:      grunt_arrival_crossed_arrows, kennysheep_small_spiral,
          kennysheep_minor_cross
D:2:      grunt_temple_overflow_order_and_chaos_1, minmay_hexomino_p4
D:3:      chequers_ecumenical_altar_lobes, grunt_ministairs_14,
          uniq_crazy_yiuf_cottage

Skill      XL: |  1  2  3 |
---------------+----------+-----
Shields        | 3 |  3.1
Axes           | 2 3 |  3.0
Armour         | 3 |  3.0
Fighting       | |  3.3
Dodging        | |  0.3

Action                   |  1- 3 |  4- 6 || total
-------------------------+-------+-------++-------
Melee: War axe           |   129 |    14 ||   143
  Use: Scroll            |     5 |       ||     5
  Eat: Chunk             |     2 |     1 ||     3
Armor: Scale mail        |    30 |       ||    30
       Chain mail        |    66 |    17 ||    83
Dodge: Dodged            |    31 |     6 ||    37
Block: Shield            |    78 |     6 ||    84

Table legend:
 A = Non-vault XP
 B = Vault XP
 C = Vault XP percentage of total XP
 D = Non-vault monster count
 E = Vault monster count
 F = Vault count percentage of total count
                 A         B        C        D         E       F
            +---------+---------+-------+---------+---------+-------
      Total |     103 |       4 |   3.7 |      45 |       3 |   6.2
            +---------+---------+-------+---------+---------+-------
        D:1 |      51 |       0 |   0.0 |      24 |       0 |   0.0
        D:2 |      32 |       4 |  11.1 |      15 |       3 |  16.7
        D:3 |      20 |       0 |   0.0 |       6 |       0 |   0.0
            +---------+---------+-------+---------+---------+-------
